[Event "Austrian Championship 2022"]
[Site "Vienna"]
[Date "2022.08.16"]
[Round "6.1"]
[White "Froewis, Annika"]
[Black "Blohberger, Felix"]
[Result "0-1"]
[ECO "B13"]
[WhiteElo "2044"]
[BlackElo "2492"]
[Annotator "TA"]
[PlyCount "132"]
[EventDate "2022.08.12"]
[EventType "swiss"]
[EventCountry "AUT"]
[SourceTitle "playchess.com"]
[Source "ChessBase"]
[SourceQuality "1"]
[TimeControl "40/5400+30:1800+30"]

1. d4 d5 2. Bf4 c5 3. e3 cxd4 4. exd4 Nc6 5. c3 Bf5 6. Bd3 {[%emt 0:05:40] B13: Caro-Kann: Exchange Variation and Panov-Botvinnik Attack.} Bxd3 7. Qxd3 e6 8. Nd2 {[%emt 0:06:06] [#] The position is equal.} Nge7 $146 ({Predecessor:} 8... Nf6 9. Ngf3 Nh5 10. Be3 Bd6 11. O-O Nf4 12. Bxf4 Bxf4 13. Rfe1 O-O 14. Nb3 g6 {½-½ (38) Berkes,F (2673)-Tabatabaei,M (2613) Krasnaya Polyana 2021}) 9. h3 Ng6 10. Ne2 Nxf4 11. Nxf4 Bd6 12. Qf3 O-O 13. Nd3 b5 14. a3 a5 15. O-O b4 16. axb4 axb4 17. Nb3 Qb6 {[%emt 0:04:11] Threatens to win with ...bxc3.} 18. Ndc5 {[%emt 0:02:25] Pair of Knights!} Rfc8 19. Qd3 h6 20. Rfd1 {[%emt 0:09:35] [#]} Ne5 $1 21. Qe2 (21. Qc2 bxc3) 21... Nc4 22. g3 Na5 ({Don't play} 22... Bxc5 $6 23. Nxc5 bxc3 24. bxc3 $15) ({Black should try} 22... Qb5 $17) 23. Nxa5 $11 Rxa5 24. Rxa5 Qxa5 25. Nb7 Qb6 26. Nxd6 Qxd6 {[%emt 0:00:04][%mdl 4096] Endgame KQR-KQR} 27. Rd3 Qa6 {[%emt 0:02:54] ...bxc3 is the strong threat.} 28. Qd2 Qa1+ 29. Kg2 Qb1 30. Re3 Rc4 31. h4 Qa2 32. Qc1 Qa7 33. Qd2 Rc6 (33... bxc3 {deserves consideration.} 34. bxc3 Qa1) 34. Kg1 Qa2 (34... Qa1+ {keeps more tension.} 35. Kg2 Qb1 36. h5 bxc3 37. Rxc3 Rb6) 35. Qc1 Qc4 36. Qe1 Ra6 37. Kg2 Ra2 38. Qc1 (38. b3 $5 Qxb3 39. Rxe6 $11) 38... Qb3 39. cxb4 (39. Rf3 $1 $11 {was the only way to keep the balance.}) 39... Qxb2 $17 40. Qc8+ Kh7 41. Rf3 {[%emt 0:30:48] [#]} Qb1 $40 {[%emt 0:16:00][%mdl 128] Black attacks.} ({Much worse is} 41... Qxd4 $6 42. Rxf7 Qe4+ 43. Kh2 $11) (41... Ra1 $1 $17 42. Qc3 (42. Rxf7 $2 Qe2 $19) 42... Qb1 43. Qd3+ Kg8 44. Qxb1 Rxb1) 42. Qc3 {[%emt 0:00:00] [#]} (42. Rxf7 $11 Qe4+ 43. Kh3) 42... Ra1 $1 {[%emt 0:00:21][%csl Ga1][%cal Rb1h1] Black is much more active.} 43. Qd3+ Kg8 44. Qxb1 Rxb1 {[%emt 0:00:06] KR-KR} 45. Rd3 h5 46. Kf3 Rxb4 47. Ke3 Kh7 48. Ra3 Kg6 49. Rd3 (49. Ra7 $17) 49... Kf5 $19 50. Ra3 f6 51. Rd3 Rb1 52. Kf3 (52. Ke2 $142) 52... Re1 53. Rd2 (53. Ra3 {was necessary.}) 53... g5 54. hxg5 fxg5 55. Ra2 g4+ 56. Kg2 Rd1 57. Ra4 Kf6 58. Rb4 Re1 59. Rb2 Re4 60. Rd2 Ke7 61. Rd1 Kd6 {[%emt 0:00:23] Hoping for ...Kc6.} 62. Rh1 $2 (62. f4 $17) 62... Rxd4 {[%emt 0:00:22] Strongly threatening ...Re4.} 63. Rxh5 Re4 {[%emt 0:00:25] White must now prevent ...e5.} 64. Rh4 d4 65. Kf1 d3 66. f3 d2 {[%emt 0:00:16] Weighted Error Value: White=0.37/Black=0.12 (very precise)} 0-1

[Event "Austrian Championship 2022"]
[Site "Vienna"]
[Date "2022.08.16"]
[Round "6.2"]
[White "Horvath, Dominik"]
[Black "Diermair, Andreas"]
[Result "0-1"]
[ECO "A07"]
[WhiteElo "2488"]
[BlackElo "2452"]
[Annotator "TA"]
[PlyCount "78"]
[EventDate "2022.08.12"]
[EventType "swiss"]
[EventCountry "AUT"]
[SourceTitle "playchess.com"]
[Source "ChessBase"]
[SourceQuality "1"]
[TimeControl "40/5400+30:1800+30"]

1. Nf3 d5 2. g3 Bg4 3. Bg2 e6 4. O-O Nf6 5. d3 Be7 6. Qe1 {[%emt 0:02:12] A07: Réti Opening: New York and Capablanca Systems.} c5 {[%emt 0:02:02] [#]} 7. Ne5 $146 ({Predecessor:} 7. e4 Nc6 8. c3 O-O 9. h3 Bh5 10. Qe2 h6 11. Nbd2 Qc7 12. Re1 Rad8 13. b3 Rfe8 {0-1 (29) Onischuk,V (2622)-Bluebaum,M (2669) Chess.com INT 2021}) 7... Bh5 8. e4 {[%emt 0:00:29] White has an edge.} dxe4 9. Nc3 O-O (9... Bf3 $5) 10. dxe4 Nfd7 11. Nd3 Nc6 12. Nf4 $1 Bg6 13. h4 {[%emt 0:00:02] Hoping for h5.} Bd6 14. Nb5 ({White should try} 14. Nxg6 $16 fxg6 15. Be3) 14... Be5 (14... Bxf4 $11 15. Bxf4 Qb6) 15. h5 Bxf4 16. Bxf4 (16. hxg6 $14 Bxc1 17. gxf7+ Rxf7 18. Rxc1) 16... Bxh5 $15 17. Bd6 a6 18. Bxf8 {[%emt 0:04:00] Black converts the advantage convincingly.} axb5 19. Bd6 Nd4 20. e5 Ra4 {[%emt 0:05:26][%cal Ba8a4,Ba4d4,Bd4d2][%mdl 32] And now ...Ne2+ would win. Black is more active.} 21. f4 ({Avoid the trap} 21. Bxb7 $2 Bf3 22. b3 Bxb7 $1 $19) 21... Nxc2 22. Qf2 Nxa1 23. Rxa1 b6 24. b3 Rd4 25. a4 bxa4 26. bxa4 (26. Rxa4 $17 Rxa4 27. bxa4) 26... h6 $19 27. Qf1 Bg6 28. Qb5 $2 (28. Qa6) 28... Kh7 (28... Rd3 $142 29. Kh2 Nf6 $1 30. exf6 Qxd6) 29. Qc6 Rd2 {[%emt 0:03:31][%cal Od7f6] Threatens to win with ...Nf6!} 30. Bc7 (30. Qa8 {was necessary.} Qxa8 31. Bxa8) 30... Qc8 31. a5 {[%emt 0:00:06] a6 is the strong threat.} Qa6 {[%emt 0:03:04] White must now prevent ...Qd3.} 32. Bf1 {[%emt 0:00:13] Prevents Qd3.} c4 $1 33. Bxc4 {[%emt 0:03:22] [#]} (33. Bxb6 Nxb6 34. Qxb6) 33... Qa7 $1 34. Bf1 bxa5+ 35. Kh1 Qf2 (35... Qe3 $142 36. Bg2 {[#]} Rxg2 $1 37. Qxg2 Be4) 36. Bg2 Rc2 37. Qb7 Qxg3 38. Rf1 Nc5 39. Qc6 {[%emt 0:00:04] [#]} Rxg2 $1 {[%emt 0:00:19] Weighted Error Value: White=0.76/Black=0.24 (precise)} 0-1

[Event "Austrian Championship 2022"]
[Site "Vienna"]
[Date "2022.08.16"]
[Round "6.2"]
[White "Jethan, Martin"]
[Black "Kordzadze, Nino"]
[Result "1-0"]
[ECO "A96"]
[WhiteElo "2103"]
[BlackElo "2043"]
[Annotator "NA RC"]
[PlyCount "53"]
[EventDate "2022.08.12"]
[EventType "swiss"]
[EventCountry "AUT"]
[SourceTitle "playchess.com"]
[Source "ChessBase"]
[SourceQuality "1"]
[TimeControl "40/5400+30:1800+30"]

1. d4 e6 2. c4 f5 3. Nf3 Nf6 4. g3 Be7 5. Bg2 d6 6. O-O O-O 7. Nc3 Ne4 8. Qc2 Nxc3 9. bxc3 c5 10. e4 d5 11. cxd5 fxe4 12. Qxe4 exd5 13. Qe3 cxd4 14. Nxd4 Bf6 15. Ba3 Re8 16. Bxd5+ Kh8 17. Qf3 Bg4 18. Qh1 Bxd4 19. Bxb7 Bb6 20. Bxa8 Be2 21. Rfe1 Bxf2+ 22. Kxf2 Qb6+ 23. Kg2 Nc6 24. Qg1 Qa6 25. Qf2 Rxa8 26. Qxe2 Qxa3 27. Qe8+ 1-0

[Event "Austrian Championship 2022"]
[Site "Vienna"]
[Date "2022.08.16"]
[Round "6.3"]
[White "Stanec, Nikolaus"]
[Black "Morgunov, Marc"]
[Result "1/2-1/2"]
[ECO "A48"]
[WhiteElo "2460"]
[BlackElo "2376"]
[Annotator "TA"]
[PlyCount "77"]
[EventDate "2022.08.12"]
[EventType "swiss"]
[EventCountry "AUT"]
[SourceTitle "playchess.com"]
[Source "ChessBase"]
[SourceQuality "1"]
[TimeControl "40/5400+30:1800+30"]

1. d4 Nf6 2. Nf3 g6 3. Bf4 Bg7 4. e3 O-O 5. Be2 d6 6. O-O c5 {[%emt 0:01:16] 6...Nc6 is becoming the main line.} 7. c3 {[%emt 0:00:32] A48: 1 d4 Nf6 2 Nf3 g6: Torre, London and Colle Systems.} Qb6 8. Nbd2 d5 9. Qb3 {[%emt 0:02:32] White is slightly better.} c4 {[%emt 0:14:04] [#]} 10. Qxb6 $146 ({Predecessor:} 10. Qa3 Nc6 11. b3 cxb3 12. axb3 Nh5 13. Bg5 e6 14. e4 h6 15. Be3 f5 16. exd5 exd5 {½-½ (32) Dhulipalla,B (2316)-Abhishek,K (2389) Lucknow 2016}) 10... axb6 11. b3 b5 12. a4 $1 (12. bxc4 bxc4 13. Rfb1 Nc6 $11) 12... bxa4 13. bxc4 dxc4 14. Bxc4 Bf5 {[%emt 0:10:12] Against Rfb1} 15. Ra3 {[%emt 0:07:21] White is more active.} Nbd7 16. Rfa1 ({White should play} 16. Bb5 $14) 16... Rfc8 $1 $11 17. Bb5 ({Much worse is} 17. Rxa4 Rxa4 18. Rxa4 Nb6 $15) 17... Nd5 18. c4 Nxf4 19. exf4 Nb6 20. c5 Nd5 21. g3 Rd8 22. Bc4 Bc2 23. Bxd5 Rxd5 24. R3a2 Rxd4 25. Nxd4 ({Not} 25. Rxc2 $2 Rxd2 $1 26. Nxd2 Bxa1 $19) 25... Bxd4 26. Rc1 ({Don't play} 26. Re1 Bf5 27. Rxe7 Bxc5 28. Rxb7 a3 $17) 26... Bd3 {[%emt 0:03:24] [#]} (26... Bf5 $14) 27. Nf3 ({White should try} 27. Nc4 $1 $16 ) 27... Bf6 {[%emt 0:01:43] This bishop pair is nice. The position is equal.} 28. Ne5 Bb5 29. Rb1 Ra5 30. Rb4 Bxe5 31. fxe5 {[%emt 0:00:06][%mdl 4096] Endgame KRR-KRB} Bc6 32. Rc4 $1 Rb5 {[%emt 0:00:52] ( -> ...Rb1+)} 33. Rc1 {[%emt 0:00:06] Against Rb1} Rb4 34. f4 e6 35. Rcc2 h5 36. Rcb2 Rc4 37. Rc2 Rb4 38. Rcb2 Rc4 39. Rc2 {[%emt 0:00:05] Weighted Error Value: White=0.07 (flawless) /Black=0.04 (flawless)} 1/2-1/2

[Event "Austrian Championship 2022"]
[Site "Vienna"]
[Date "2022.08.16"]
[Round "6.3"]
[White "Ernst, Robert"]
[Black "Kersten, Julian"]
[Result "1/2-1/2"]
[ECO "E94"]
[WhiteElo "2001"]
[BlackElo "1999"]
[Annotator "NA RC"]
[PlyCount "141"]
[EventDate "2022.08.12"]
[EventType "swiss"]
[EventCountry "AUT"]
[SourceTitle "playchess.com"]
[Source "ChessBase"]
[SourceQuality "1"]
[TimeControl "40/5400+30:1800+30"]

1. d4 Nf6 2. c4 g6 3. Nc3 Bg7 4. e4 d6 5. Nf3 O-O 6. Be2 e5 7. O-O Nbd7 8. Be3 Nh5 9. Qd2 Re8 10. dxe5 dxe5 11. Rfd1 c6 12. Ne1 Nhf6 13. b4 Qe7 14. c5 Nf8 15. f3 Ne6 16. Bf1 Rd8 17. Qf2 Nd4 18. Nc2 Nxc2 19. Rxd8+ Qxd8 20. Qxc2 Be6 21. a4 Bf8 22. Qb2 Nd7 23. a5 a6 24. Na4 Be7 25. Nb6 Nxb6 26. axb6 Bg5 27. Qc3 Bxe3+ 28. Qxe3 Qd7 29. Ra3 Qd1 30. Qc3 f6 31. Ra1 Qd7 32. Be2 Rd8 33. Rd1 Qc8 34. Rxd8+ Qxd8 35. Qd3 Qxd3 36. Bxd3 Bc8 37. Kf2 h5 38. h4 Kg7 39. g3 Kf7 40. f4 Kg7 41. Ke3 Kh6 42. Be2 Kg7 43. Kd2 Kh6 44. Kc3 Kg7 45. Kb3 Kh6 46. Kc3 Kg7 47. f5 Kh6 48. fxg6 Kxg6 49. Kb3 Kh6 50. Kc3 Kg6 51. Kd2 Kh6 52. Ke3 Kg6 53. Bc4 Kg7 54. Kd2 Kg6 55. Kc3 Kg7 56. Kb3 Kg6 57. Ka4 Kg7 58. Ka5 Kg6 59. Be2 Kh6 60. Ka4 Kg6 61. Kb3 Kh6 62. Kc3 Kg6 63. Kd2 Kh6 64. Ke3 Kg6 65. Kf2 Kh6 66. Kg2 Kg6 67. Bc4 Kg7 68. Kh2 Kg6 69. Bf1 Kh6 70. Bh3 Bg4 71. Bf1 1/2-1/2

[Event "Austrian Championship 2022"]
[Site "Vienna"]
[Date "2022.08.16"]
[Round "6.4"]
[White "Shengelia, David"]
[Black "Menezes, Christoph"]
[Result "0-1"]
[ECO "D78"]
[WhiteElo "2462"]
[BlackElo "2417"]
[Annotator "TA"]
[PlyCount "114"]
[EventDate "2022.08.12"]
[EventType "swiss"]
[EventCountry "AUT"]
[SourceTitle "playchess.com"]
[Source "ChessBase"]
[SourceQuality "1"]
[TimeControl "40/5400+30:1800+30"]

1. d4 Nf6 2. c4 g6 3. g3 c6 4. Bg2 d5 5. Nf3 Bg7 6. O-O O-O 7. Ne5 Be6 {[%emt 0:05:54][%cal Bc8e6,Be6d5,Bd5c4][%mdl 32] 7...Ng4 is a critical line.} 8. cxd5 {[%emt 0:05:16] D78: Fianchetto Grünfeld: 6 0-0 c6.} Bxd5 9. f3 Nfd7 10. Nxd7 {[%emt 0:02:58] Black is slightly better.} Qxd7 11. Nc3 Bc4 12. Be3 Rd8 {[%emt 0:02:26] [#]} 13. Qc1 $146 ({Predecessor:} 13. b3 Be6 14. Ne4 Na6 15. Ng5 Bxd4 16. Bxd4 Qxd4+ 17. Qxd4 Rxd4 18. Nxe6 fxe6 19. Kf2 {0-1 (46) Bondarets,V (2236)-Kowalski,I (2305) Lvov 2019}) 13... Bxd4 14. Rd1 Bxe3+ 15. Qxe3 Qe8 16. Rxd8 Qxd8 17. Rd1 Nd7 18. Bh3 {[%emt 0:15:11] Prevents Be6.} Qb6 $1 19. Rd4 (19. Qxb6 $15 Nxb6 20. b3) 19... e5 $17 20. Re4 Qxe3+ 21. Rxe3 f5 22. b3 Ba6 23. g4 f4 24. Re4 g5 25. Bf1 Re8 {[%emt 0:07:13] Strongly threatening ...Nc5.} 26. e3 Bxf1 27. Kxf1 {[%emt 0:00:03][%mdl 4096] Endgame KRN-KRN} Nf6 28. Ra4 a6 ({Don't play} 28... fxe3 29. Rxa7 Re7 30. Ke2 $11) 29. Ne4 (29. h4 $15) 29... Nxe4 30. Rxe4 {[%emt 0:00:04][%cal Oh2h4] KR-KR} Kf7 31. a4 fxe3 32. a5 Ke6 33. Rb4 Re7 34. Ke2 Kd5 35. Kxe3 Kc5 36. Rb6 Rf7 37. Ke4 $2 (37. Ke2 $17) 37... Kd6 $19 38. Ke3 Kc7 $1 39. Ke4 Rf4+ 40. Kxe5 Rxf3 {[%emt 0:00:12] Hoping for ...Rf4.} 41. Rb4 {[%emt 0:30:05][%cal Oh2h4] Prevents Rf4.} Rh3 42. Kf5 h6 ({Weaker is} 42... Rxh2 43. Kxg5 Rh3 44. Rf4 $17) 43. Kg6 $2 (43. Re4 {was the only chance.}) 43... Rxh2 44. Re4 Rh4 45. b4 Kb8 46. Re8+ Ka7 $1 47. Re4 (47. Kf5 $142 h5 48. gxh5 Rxh5 49. Re1) 47... h5 $1 48. Kxg5 Rxg4+ 49. Rxg4 hxg4 50. Kxg4 {[%emt 0:00:00] [#] K3P-KPP} Kb8 $2 (50... b5 $1 51. Kf5 Kb7 52. Ke4 Kc7 53. Kf3 Kd6 54. Kf4 Kc7 55. Ke4 Kd6 56. Kf4 c5 57. Ke4 cxb4 58. Kd4 Kc6 59. Ke4 b3 60. Kd3 b4 61. Kd2 Kb5 62. Kc1 Kxa5 63. Kd1 Kb5 64. Kd2 a5 65. Kc1 a4 66. Kd1 Kc4 67. Kd2 a3 68. Kc1 b2+ 69. Kd2 b1=Q 70. Ke3 a2 71. Kf2 a1=Q 72. Kg3 Qd3+ 73. Kh4 Qf6+ 74. Kh5 Qh3#) 51. Kf4 $2 {[%emt 0:00:00][%mdl 8192] [#]} (51. Kf5 $11) 51... Kc7 $2 (51... c5 $1 {mates} 52. bxc5 Kc7 53. Kf3 Kc6 54. Ke4 Kxc5 55. Ke5 Kb4 56. Kf5 Kxa5 57. Kf6 Kb4 58. Kg7 b5 59. Kf8 Kc4 60. Kf7 b4 61. Ke6 b3 62. Kf6 b2 63. Kg6 Kd4 64. Kg5 Ke5 65. Kh4 Kf4 66. Kh5 b1=Q 67. Kh6 Kf5 68. Kg7 Qb7+ 69. Kg8 Kf6 70. Kh8 Qg7#) 52. Ke5 c5 53. bxc5 (53. Kd5 $11) 53... Kc6 {[%emt 0:00:00] Black mates.} 54. Kd4 Kb5 55. Kd5 Kxa5 56. c6 bxc6+ 57. Kxc6 Kb4 {[%emt 0:02:30] Weighted Error Value: White=0.61/Black=0.42} 0-1

[Event "Austrian Championship 2022"]
[Site "Vienna"]
[Date "2022.08.16"]
[Round "6.4"]
[White "Spiesberger, Gerhard"]
[Black "Balint, Peter"]
[Result "1/2-1/2"]
[ECO "C22"]
[WhiteElo "1972"]
[BlackElo "2051"]
[Annotator "NA RC"]
[PlyCount "96"]
[EventDate "2022.08.12"]
[EventType "swiss"]
[EventCountry "AUT"]
[SourceTitle "playchess.com"]
[Source "ChessBase"]
[SourceQuality "1"]
[TimeControl "40/5400+30:1800+30"]

1. e4 e5 2. d4 exd4 3. Qxd4 Nc6 4. Qe3 Nf6 5. Nc3 Bb4 6. Bd2 O-O 7. O-O-O Re8 8. f3 d5 9. Qg5 dxe4 10. Nxe4 Nxe4 11. Qxd8 Rxd8 12. fxe4 Bc5 13. Nf3 Be6 14. a3 h6 15. Bb5 Nd4 16. Nxd4 Bxd4 17. h3 c6 18. Be2 f6 19. Bf3 Rac8 20. Rhe1 Kf7 21. Be3 Bxe3+ 22. Rxe3 Rxd1+ 23. Kxd1 Ke7 24. Kd2 Kd6 25. Rd3+ Ke5 26. Ke3 Rc7 27. Bh5 b6 28. Bg6 Rd7 29. Rxd7 Bxd7 30. c3 c5 31. b4 cxb4 32. cxb4 Bc6 33. h4 Ba4 34. g3 Bb5 35. Bf5 Be8 36. Bc8 Bf7 37. Bb7 Bg8 38. Bc8 Bf7 39. Bb7 Be6 40. Ba6 Bh3 41. Bc4 Bg2 42. Bd3 g5 43. Bc2 Bf1 44. Bb3 Bb5 45. Bc2 Be8 46. Bd3 Bg6 47. Bc2 Be8 48. Bd3 Bg6 1/2-1/2

[Event "Austrian Championship 2022"]
[Site "Vienna"]
[Date "2022.08.16"]
[Round "6.5"]
[White "Leisch, Lukas"]
[Black "Schroll, Gerhard"]
[Result "1-0"]
[ECO "A87"]
[WhiteElo "2404"]
[BlackElo "2281"]
[Annotator "TA"]
[PlyCount "63"]
[EventDate "2022.08.12"]
[EventType "swiss"]
[EventCountry "AUT"]
[SourceTitle "playchess.com"]
[Source "ChessBase"]
[SourceQuality "1"]
[TimeControl "40/5400+30:1800+30"]

1. d4 f5 2. c4 Nf6 3. Nc3 g6 4. g3 Bg7 5. Bg2 O-O 6. Nf3 d6 7. O-O Qe8 {[%emt 0:00:28] 7...Qe8 has become a bit dusty these days.} 8. Re1 Na6 {[%emt 0:02:39] A87: Dutch Defence: Leningrad System: 5 Nf3.} 9. e4 fxe4 10. Nxe4 Nxe4 {[%emt 0:00:27] White is slightly better.} 11. Rxe4 Bf5 {[%emt 0:01:26] [#]} 12. Rh4 $146 ({Predecessor:} 12. Re2 Bg4 13. Qb3 Rb8 14. Bg5 e5 15. dxe5 Bxe5 16. Rae1 Nc5 17. Qa3 Nd7 18. Nxe5 Nxe5 {1-0 (28) Fischer,D (1598)-Lorenz,A (1504) Willingen 2020}) 12... c6 13. Bg5 (13. Qb3 $16) 13... e5 $11 14. dxe5 (14. d5 $14) 14... dxe5 15. Qd2 e4 16. Nd4 Nc5 17. Bh6 {[%emt 0:04:26] Threatens to win with Bxg7.} Bxh6 18. Qxh6 Rf7 19. Nxf5 gxf5 20. Rd1 Nd3 21. Qg5+ Kh8 22. Qe3 {[%emt 0:00:15][%cal Rg2e4] aiming for Bxe4!} Rg7 {[%emt 0:07:56] [#]} 23. b3 (23. Bxe4 $1 $14 {feels stronger.} Nxb2 (23... Qe7 24. Bg2) 24. Re1) 23... Rd8 $2 {[%emt 0:02:22] [#] Loses the game.} (23... Ne5 $11) 24. Bxe4 $1 $18 (24. Qxa7 f4 25. Bf1 Qe5 $17) 24... fxe4 (24... Nb4 {was necessary.} 25. Rxd8 Qxd8) 25. Rxe4 Qd7 {[%emt 0:00:06] [#]} 26. Rxd3 $1 {[%emt 0:00:10][%mdl 576] Deflection} Qxd3 27. Re8+ {[%emt 0:00:25][%mdl 64] Deflection} Rxe8 28. Qxd3 a6 29. Kg2 Rf7 30. f4 Kg8 31. Kf3 Rfe7 32. h4 {[%emt 0:03:00] Weighted Error Value: White=0.09 (flawless) /Black=0.40} 1-0

[Event "Austrian Championship 2022"]
[Site "Vienna"]
[Date "2022.08.16"]
[Round "6.5"]
[White "Tumanyan, Gor"]
[Black "Miazhynski, Michael"]
[Result "0-1"]
[ECO "B12"]
[WhiteElo "1884"]
[BlackElo "1994"]
[Annotator "NA RC"]
[PlyCount "68"]
[EventDate "2022.08.12"]
[EventType "swiss"]
[EventCountry "AUT"]
[SourceTitle "playchess.com"]
[Source "ChessBase"]
[SourceQuality "1"]
[TimeControl "40/5400+30:1800+30"]

1. e4 c6 2. d4 d5 3. e5 Bf5 4. g4 Bd7 5. Be3 h5 6. gxh5 Bf5 7. Ne2 e6 8. Ng3 Bh7 9. Nd2 Nd7 10. c4 Ne7 11. c5 a5 12. a3 a4 13. Rg1 b6 14. b4 axb3 15. Nxb3 bxc5 16. Nxc5 Nxc5 17. dxc5 Nf5 18. Nxf5 Bxf5 19. Be2 Rh7 20. Qd2 Qh4 21. Qb2 Qa4 22. Kd2 d4 23. Bxd4 Rd8 24. Ke3 Bxc5 25. Rgd1 g6 26. f3 Be7 27. f4 Kf8 28. Kf2 gxh5 29. Be3 Bh4+ 30. Kg1 Rg7+ 31. Bg4 Rxg4+ 32. Kf1 Qc4+ 33. Qe2 Bd3 34. Rxd3 Rxd3 0-1

[Event "Austrian Championship 2022"]
[Site "Vienna"]
[Date "2022.08.16"]
[Round "6.6"]
[White "Kruckenhauser, Arthur"]
[Black "Schernthaner, David"]
[Result "1/2-1/2"]
[ECO "B22"]
[WhiteElo "2303"]
[BlackElo "2319"]
[Annotator "TA"]
[PlyCount "32"]
[EventDate "2022.08.12"]
[EventType "swiss"]
[EventCountry "AUT"]
[SourceTitle "playchess.com"]
[Source "ChessBase"]
[SourceQuality "1"]
[TimeControl "40/5400+30:1800+30"]

1. e4 c5 2. c3 d5 3. exd5 Qxd5 4. d4 Nf6 5. Nf3 e6 6. Na3 a6 7. Nc4 Nbd7 8. Be3 {[%emt 0:07:08] B22: Sicilian: 2 c3.} b5 9. Nce5 Nxe5 10. dxe5 Qxd1+ 11. Rxd1 Nd5 {[%emt 0:00:05] [#]} 12. Bd2 $146 ({Predecessor:} 12. Bg5 h6 13. Bh4 Bb7 14. Bg3 Be7 15. Be2 O-O 16. O-O Rfd8 17. Rd2 g5 18. h3 {0-1 (56) Kolaric,S (2185)-Beydullayeva,G (2290) Warsaw 2021}) 12... c4 13. b3 cxb3 (13... b4 $5 14. bxc4 Nxc3 15. Bxc3 bxc3 $15) 14. axb3 {[%emt 0:00:03] The position is equal.} Bb7 15. c4 bxc4 16. Bxc4 Bc5 {[%emt 0:06:55] Weighted Error Value: White=0.16 (very precise) /Black=0.04 (flawless)} 1/2-1/2

[Event "Austrian Championship 2022"]
[Site "Vienna"]
[Date "2022.08.16"]
[Round "6.6"]
[White "Fuchs, Patrick"]
[Black "Stadlinger, Matthias"]
[Result "1/2-1/2"]
[ECO "C63"]
[WhiteElo "1990"]
[BlackElo "1975"]
[Annotator "NA RC"]
[PlyCount "51"]
[EventDate "2022.08.12"]
[EventType "swiss"]
[EventCountry "AUT"]
[SourceTitle "playchess.com"]
[Source "ChessBase"]
[SourceQuality "1"]
[TimeControl "40/5400+30:1800+30"]

1. e4 e5 2. Nf3 Nc6 3. Bb5 f5 4. d3 fxe4 5. dxe4 Nf6 6. O-O d6 7. Bg5 Be7 8. Nc3 Be6 9. Qe2 O-O 10. Bc4 Qd7 11. Rad1 h6 12. Bc1 Kh7 13. Bxe6 Qxe6 14. Nd5 Qc8 15. Nh4 Nxd5 16. exd5 Bxh4 17. dxc6 Be7 18. f4 bxc6 19. Qe4+ Kh8 20. fxe5 d5 21. Qg6 Qe8 22. Rxf8+ Bxf8 23. Qf5 Bc5+ 24. Kh1 Qe7 25. Qg6 Qe8 26. Qf5 1/2-1/2

[Event "Austrian Championship 2022"]
[Site "Vienna"]
[Date "2022.08.16"]
[Round "6.7"]
[White "Ganaus, Hannes"]
[Black "Schwabeneder, Florian"]
[Result "0-1"]
[ECO "D02"]
[WhiteElo "2284"]
[BlackElo "2430"]
[Annotator "TA"]
[PlyCount "42"]
[EventDate "2022.08.12"]
[EventType "swiss"]
[EventCountry "AUT"]
[SourceTitle "playchess.com"]
[Source "ChessBase"]
[SourceQuality "1"]
[TimeControl "40/5400+30:1800+30"]

1. d4 d5 2. Nf3 Nf6 3. c3 g6 4. h3 Bg7 5. Bf4 O-O 6. e3 b6 7. Nbd2 {[%emt 0:01:07] D02: 1 d4 d5 2 Nf3 sidelines, including 2...Nf6 3 g3 and 2...Nf6 3 Bf4.} Bb7 8. Bd3 c5 9. Ne5 {[%emt 0:11:11] The position is equal.} Nc6 10. h4 {[%emt 0:01:08][%cal Oh4h5] [#]} h5 $146 ({Predecessor:} 10... Nxe5 11. Bxe5 h5 12. Qe2 c4 13. Bc2 b5 14. f3 b4 15. g4 bxc3 16. bxc3 Kh8 17. Bxf6 Bxf6 18. gxh5 gxh5 {½-½ (59) Phillips,R (1852)-Zong,D (2141) Chess.com INT 2021}) 11. Qe2 Qc8 12. Bg5 {[%emt 0:11:00] [#]} (12. Ndf3 $11) 12... Nxe5 $1 $17 13. dxe5 {[%emt 0:00:02] [#]} Ng4 14. Bxe7 Re8 ({Resist} 14... Nxe5 15. Bxf8 Kxf8 16. f3 $14) 15. Bg5 Nxe5 16. Bb5 Bc6 {[%emt 0:05:14] Hoping for ...c4.} 17. Bxc6 Qxc6 18. O-O b5 19. Rfd1 c4 {[%emt 0:06:12] And now ...Nd3 would win. Black is more active.} 20. Nf3 Nd3 {[%emt 0:02:04] Strongly threatening ...f6.} 21. Ne1 ({White should play} 21. Qd2 $1 $15) 21... f6 {[%emt 0:01:04] Weighted Error Value: White=0.24 (precise) /Black=0.03 (flawless)} 0-1

[Event "Austrian Championship 2022"]
[Site "Vienna"]
[Date "2022.08.16"]
[Round "6.7"]
[White "Stadlinger, Lea"]
[Black "Wiedermann, Daniel"]
[Result "0-1"]
[ECO "B15"]
[WhiteElo "1723"]
[BlackElo "2053"]
[Annotator "NA RC"]
[PlyCount "56"]
[EventDate "2022.08.12"]
[EventType "swiss"]
[EventCountry "AUT"]
[SourceTitle "playchess.com"]
[Source "ChessBase"]
[SourceQuality "1"]
[TimeControl "40/5400+30:1800+30"]

1. e4 c6 2. d4 d5 3. Nc3 dxe4 4. Nxe4 Nf6 5. Nxf6+ exf6 6. c3 Bd6 7. Bd3 O-O 8. Ne2 Re8 9. Be3 Nd7 10. Qc2 Nf8 11. O-O-O b5 12. Ng3 Be6 13. Kb1 a5 14. Ne4 a4 15. Nc5 Bd5 16. Be4 Bxc5 17. Bxd5 Qxd5 18. dxc5 Qxg2 19. Bd4 Qf3 20. Rhg1 a3 21. Rg3 Qh5 22. Bxf6 Ng6 23. Bg5 Re2 24. Bd2 axb2 25. Qd3 Ne5 26. Qd4 Re4 27. Rxg7+ Kh8 28. Rxh7+ Qxh7 0-1